AoeStats
← AxD | Cad Bane

African Clearing

506571678Analyzed
3v3 RM · 19d ago on Sep 14, 2026· 28m 35s· 6 players
Game mode
Random Map
Map size
Normal (6 player)
Population
200
Speed
Normal
Resources
Standard
Victory
Conquest
Starting age
Dark Age
Ending age
Imperial Age
RankedLock teamsTeams togetherTeam positionsShared explorationLock speedFull tech treeHidden civsTurbo modeCheats
Victory
Defeat
🇨🇱 Jurchens · Chile
1668
+7
🇸🇻 Mapuche · El Salvador
1652
+7
🇦🇷 Persians · Argentina
1558
+11
🇨🇱 Koreans · Chile
1458
-9
🇨🇱 Chinese · Chile
1435
-8
🇨🇱 Persians · Chile
1427
-8
LW | El Pencil ☭
9:57 Loom
12:07 Feudal Age
16:35 Castle Age
18:57 Fletching
QNA | Yoyi
2:57 Loom
11:27 Feudal Age
12:25 Double-Bit Axe
13:16 Horse Collar
23:58 Castle Age
25:09 Bow Saw
25:28 Fletching
27:08 Bodkin Arrow
26:35 Crossbowman
PilSeN___
9:47 Loom
12:04 Feudal Age
14:08 Double-Bit Axe
24:31 Castle Age
26:02 Bow Saw
AxD | Cad Bane
9:18 Loom
12:16 Feudal Age
12:48 Double-Bit Axe
14:53 Scale Barding Armor
23:05 Castle Age
22:53 Forging
23:17 Fletching
AxD | Kurumi 002
3:08 Loom
13:06 Feudal Age
16:57 Castle Age
15:33 Double-Bit Axe
17:32 Fletching
18:31 Bodkin Arrow
26:20 Ballistics
27:00 Padded Archer Armor
AxD | MatrixWars
8:04 Loom
11:48 Feudal Age
12:22 Town Watch
20:11 Double-Bit Axe
24:28 Fletching
26:16 Horse Collar
Connection lost

Rejoining the realm…

Still unreachable

The connection could not be restored.

Session expired

The server has moved on; the page needs a fresh start.